 Dungeon Crawl Stone Soup version 0.31-a0-821-gd5cc6f37b9 (webtiles) character file.

Game seed: 1885987988472568912

91328 qw the Marksgargoyle (level 16, -7/106 HPs)
             Began as a Gargoyle Hunter on Sept 23, 2023.
             Was an Elder of Okawaru.
             Killed by divine providence
             ... invoked by a meliai
              (16 damage)
             ... on level 15 of the Dungeon.
             The game lasted 00:11:06 (17455 turns).

qw the Marksgargoyle (Gargoyle Hunter)             Turns: 17455, Time: 00:11:06

Health: -7/106     AC: 30    Str: 21    XL:     16   Next: 3%
Magic:  23/23      EV: 28    Int:  9    God:    Okawaru [****..]
Gold:   2078       SH:  5    Dex: 25    Spells: 15/15 levels left

rFire   . . .        Y - +5 longbow (heavy)
rCold   + . .        (shield currently unavailable)
rNeg    + . .        p - +0 ring mail of Cosiuk {Regen+ Str+3 Stlth-}
rPois   inf          t - +2 hat
rElec   +            c - +0 cloak {Will+}
rCorr   .            r - +1 pair of gloves
SInv    .            b - +3 pair of mountain boots {steadfast, rC+}
Will    ++...        e - amulet of reflection
Stlth   ++           v - +6 ring of dexterity
HPRegen 1.17/turn    m - +5 ring of evasion
MPRegen 0.18/turn

%: reflection
@: about to teleport, heroic, flying
A: sickness immunity, AC +12, big wings, negative energy resistance 1,
electricity resistance, torment resistance 1, petrification resistance
a: Renounce Religion, Heroism, Finesse


You were on level 15 of the Dungeon.
You worshipped Okawaru.
Okawaru was greatly pleased with you.
You visited 3 branches of the dungeon, and saw 21 of its levels.
You also visited: Gauntlet.

You collected 2513 gold pieces.
You spent 435 gold pieces at shops.


Innate Abilities, Weirdness & Mutations

You are immune to sickness and miasma.
Your stone body is resilient. (AC +12)
You are immune to poison.
Your large and strong wings let you fly.
You resist negative energy. (rN+)
You are resistant to electric shocks. (rElec)
You are resistant to unholy torment.
You are immune to petrification.


   Skills:
 - Level 14.0(19.0) Fighting
 - Level 20.0(25.0) Ranged Weapons
 + Level 8.4(13.4) Armour
 - Level 9.0(14.0) Dodging
 - Level 1.1(6.1) Stealth
 - Level 10.0 Invocations


You had 15 spell levels left.
You didn't know any spells.
Your spell library was empty.

Inventory:

Hand Weapons
 Y - a +5 heavy longbow (weapon)
Armour
 b - the +3 pair of mountain boots (worn) {steadfast, rC+}
   (You found it in a Gauntlet)

   Steadfast: It prevents involuntary movement, except for blinking,
   teleportation, or banishment.
   rC+:       It protects you from cold.
 c - a +0 cloak of willpower (worn)
 g - a +1 cloak
 k - a +1 robe of fire resistance
 p - the +0 ring mail of Cosiuk (worn) {Regen+ Str+3 Stlth-}
   (You found it on level 5 of the Dungeon)

   Str+3:     It affects your strength (+3).
   Regen+:    It increases your rate of health regeneration.
   Stlth-:    It makes you less stealthy.
 r - a +1 pair of gloves (worn)
 t - a +2 hat (worn)
Jewellery
 e - an amulet of reflection (around neck)
 m - a +5 ring of evasion (right hand)
 n - a ring of protection from fire
 u - the amulet "Ageocs" {rF- rC+ Regen+ rCorr}
   (You found it on level 11 of the Dungeon)

   [amulet of regeneration]

   rF-:       It makes you vulnerable to fire.
   rC+:       It protects you from cold.
   Regen+:    It increases your rate of health regeneration.
   rCorr:     It protects you from acid and corrosion.
 v - a +6 ring of dexterity (left hand)
Wands
 s - a wand of digging (8)
Scrolls
 i - 3 scrolls of identify
 j - a scroll of teleportation
Potions
 a - 3 potions of resistance
 d - 2 potions of enlightenment
 f - 2 potions of haste
 h - a potion of might
 o - 10 potions of curing
 q - a potion of mutation
 w - a potion of cancellation

Dungeon Overview and Level Annotations

Branches:
Dungeon (15/15)            Temple (1/1) D:6            Lair (5/5) D:8
 Shoals (0/4) Lair:3        Snake (0/4) Lair:2        Slime (0/5) Lair:4
    Orc (0/2) D:11         Vaults (0/5) D:14        Gauntlet (visited)
 Depths: D:15

Altars:
Ashenzari
Cheibriados
Dithmenos
Elyvilon
Fedhas
Gozag
Hepliaklqana
Kikubaaqudgha
Makhleb
Nemelex Xobeh
Okawaru
Qazlal
Ru
Sif Muna
Trog
Uskayaw
Vehumet
Wu Jian
Xom
Yredelemnul
Zin
The Shining One

Shops:
D:5 (   D:6 [   D:9 *   D:14 *

Annotations:
D:3 1 runed translucent door, qw's ghost, amateur GrHu
Lair:3 2 transporters, 1 runed translucent door, qw's ghost, journeyman GrHu
Lair:5 3 runed translucent doors, exclusion: lindwurm, qw's ghost, journeyman GrFi


Message History

Enter note:
17450 |||
Found retreat position at 0,6 (floor) with 0 blocking monsters and 1 monsters attacking at destination at distance 7
Enter note:
17450 ||| Stepping ~*~*~tactically~*~*~ (retreating).
Enter note:
17451 |||
Found retreat position at 1,5 (floor) with 0 blocking monsters and 1 monsters attacking at destination at distance 6
17451 ||| Stepping ~*~*~tactically~*~*~ (retreating).
The meliai calls upon its god to heal the meliai.
The meliai is healed somewhat.
The meliai hits you with a +0 hand axe! The meliai completely misses you.
Enter note:
17452 |||
Found retreat position at 1,4 (floor) with 0 blocking monsters and 1 monsters attacking at destination at distance 5
17452 ||| Stepping ~*~*~tactically~*~*~ (retreating).
The meliai misses you. The meliai completely misses you.
Enter note:
17453 |||
Found retreat position at 1,3 (floor) with 0 blocking monsters and 1 monsters attacking at destination at distance 4
17453 ||| Stepping ~*~*~tactically~*~*~ (retreating).
The meliai mumbles some strange prayers to its god against you.
Something smites you! The meliai attacks as it pursues you!
The meliai barely misses you. The meliai completely misses you.
The meliai mumbles some strange prayers to its god against you.
Something smites you!
The meliai calls down the wrath of its god upon you.
Something smites you! The meliai barely misses you.
The meliai completely misses you.
Enter note:
17454 |||
Found retreat position at 2,2 (floor) with 0 blocking monsters and 1 monsters attacking at destination at distance 3
17454 ||| READING 2 scrolls of teleportation.
As you read the scroll of teleportation, it crumbles to dust.
You feel strangely unstable.
The meliai calls upon its god to heal the meliai.
The meliai's wounds heal themselves!
The meliai hits you but does no damage. The meliai completely misses you. x3
The orc sorcerer mumbles some strange words.
The meliai completely misses you. x2
17455 |||
Found retreat position at 2,2 (floor) with 0 blocking monsters and 1 monsters attacking at destination at distance 3
17455 ||| Stepping ~*~*~tactically~*~*~ (retreating).
The meliai invokes the aid of its god against you.
Something smites you!
You die...

######......)...)#.....o.#
........<.....)..#......#
.###......^....###.\....#
...@.##.........(#......#
#######........#........# #
#........##y......#
#....(...##y......#
#######.)[.....#.y........#
#...##...[..)..!@########.#
...........[............ ..
...........#############
...........# ...........#
..........## #...##...##
##########


You could see 3 meliai.

Vanquished Creatures
  Rupert (D:15)
  Agnes (D:15)
  Kirke (Lair:4)
  Nessos (Lair:4)
  A minotaur (Gauntlet)
  Josephine (Lair:5)
  An entropy weaver (shapeshifter) (D:11)
  An entropy weaver (Gauntlet)
  2 catoblepae
  A death knight (D:14)
  3 centaur warriors
  7 hydras
  9 two-headed ogres
  9 boulder beetles
  A deep troll shaman (Lair:5)
  9 death yaks
  A tengu warrior (D:14)
  4 skysharks
  Nergalle (D:11)
  4 skeletal warriors (D:14)
  Lodul (D:12)
  A wizard (D:14)
  4 lindwurms (Lair:5)
  A necromancer (D:14)
  7 ugly things
  A wolf spider (Gauntlet)
  6 cyclopes
  5 deep elf pyromancers
  2 manticores
  10 elephants
  6 black mambas
  A torpor snail (Lair:1)
  3 unseen horrors (D:11)
  8 cane toads
  3 gargoyles
  8 komodo dragons
  2 kobold demonologists
  2 ice devils (D:11)
  A freezing wraith (D:14)
  2 efreet
  9 trolls
  5 polar bears
  A hornet (D:9)
  6 meliai
  Grinder (D:5)
  21 blink frogs
  3 slime creatures (D:13)
  4 dream sheep (Lair:1)
  A jumping spider (Gauntlet)
  5 flying skulls (Gauntlet)
  A shadow (D:11)
  12 wraiths
  34 yaks
  A vampire (D:11)
  6 wyverns
  A fire elemental (Gauntlet)
  A human (Lair:3)
  4 hogs (Lair:4)
  3 basilisks
  A steam dragon (D:5)
  A redback (Gauntlet)
  2 vampire mosquitoes (D:12)
  3 nagas (Lair:2)
  17 water moccasins
  3 hell hounds (Gauntlet)
  2 acid dragons
  5 orc warriors
  Duvessa (D:5)
  An ice beast (D:5)
  7 ogres
  2 black bears (D:4)
  13 centaurs
  2 phantoms
  15 wolves
  4 kobold brigands
  17 bullfrogs
  2 gnoll sergeants
  6 wights
  Dowan (D:5)
  18 killer bees
  2 howler monkeys
  2 hounds
  10 jellies
  A gnoll bouda (D:8)
  3 orc priests
  Jessica (D:3)
  Ijyb (D:4)
  3 iguanas (D:6)
  18 orc wizards
  16 gnolls
  6 adders
  2 shadow imps
  4 white imps
  An ufetubus (D:6)
  3 dart slugs
  27 orcs
  7 ball pythons
  3 bats
  5 endoplasms
  4 giant cockroaches
  2 goblins
  5 hobgoblins
  4 jackals (D:2)
  6 quokkas
  2 frilled lizards
  22 kobolds
  4 rats (D:1)
539 creatures vanquished.

Vanquished Creatures (others)
  An ogre mage (D:11)
1 creature vanquished.

Grand Total: 540 creatures vanquished

Notes
Turn   | Place    | Note
-------+----------+-------------------------------------------
     0 | D:1      | qw the Gargoyle Hunter began the quest for the Orb.
     0 | D:1      | Reached XP level 1. HP: 12/12 MP: 1/1
     0 | D:1      | 0 ||| qw: Version: 0.3-a-83-gcd0e7d8
     0 | D:1      | 0 ||| qw: Game counter: 1765
     0 | D:1      | 0 ||| qw: Melee chars always use a shield: true
     0 | D:1      | 0 ||| qw: God list: Okawaru
     0 | D:1      | 0 ||| qw: Allow faded altars: false
     0 | D:1      | 0 ||| qw: Do Orc after clearing Dungeon:15 true
     0 | D:1      | 0 ||| qw: Do second Lair branch before Depths: true
     0 | D:1      | 0 ||| qw: Lair rune preference: random
     0 | D:1      | 0 ||| qw: Goals: Normal
     0 | D:1      | 0 ||| PLANNING D:1-11
   386 | D:1      | Reached XP level 2. HP: 17/17 MP: 2/2
   823 | D:1      | 823 ||| UPGRADING to +0 ring mail.
   833 | D:1      | 833 ||| DROPPING +0 leather armour.
   834 | D:1      | 834 ||| READING scroll labelled IDIDAKHILU.
   835 | D:1      | 835 ||| READING scroll labelled SUCWYG LUTHILE.
   836 | D:1      | 836 ||| READING scroll labelled EPUAME FISESA.
   837 | D:1      | 837 ||| READING scroll labelled NEUWKISEGAG.
   841 | D:1      | 841 ||| DROPPING scroll of butterflies.
   923 | D:2      | Reached skill level 1 in Armour
   923 | D:2      | Reached XP level 3. HP: 21/21 MP: 3/3
   942 | D:2      | Reached skill level 5 in Ranged Weapons
  1440 | D:2      | Reached skill level 3 in Fighting
  1440 | D:2      | Reached XP level 4. HP: 28/28 MP: 4/4
  1453 | D:2      | 1453 ||| READING scroll labelled NIKKY SEEKKA.
  1454 | D:2      | 1454 ||| READING scroll labelled FASSARO OSEG.
  1522 | D:3      | 1522 ||| FLEEEEING.
  1523 | D:3      | 1523 ||| FLEEEEING.
  1524 | D:3      | 1524 ||| FLEEEEING.
  1525 | D:3      | 1525 ||| FLEEEEING.
  1526 | D:3      | 1526 ||| FLEEEEING.
  1527 | D:3      | 1527 ||| FLEEEEING.
  1528 | D:3      | 1528 ||| FLEEEEING.
  1529 | D:3      | 1529 ||| FLEEEEING.
  1530 | D:3      | 1530 ||| FLEEEEING.
  1531 | D:3      | 1531 ||| STAIRDANCE
  1590 | D:3      | Noticed Jessica
  1594 | D:3      | HP: 7/28 [Jessica/+7 antimagic dagger (8)]
  1594 | D:3      | HP: 2/28 [Jessica/+7 antimagic dagger (5)]
  1596 | D:3      | Killed Jessica
  1597 | D:3      | Reached XP level 5. HP: 3/32 MP: 0/5
  1710 | D:3      | 1710 ||| SWAPPING to +0 orcbow.
  1711 | D:3      | 1711 ||| DROPPING +0 shortbow.
  1727 | D:3      | Found a broken altar of Ashenzari.
  1868 | D:3      | Found a runed translucent door.
  1879 | D:3      | Noticed qw's ghost (amateur GrHu)
  1942 | D:3      | Found a sacrificial altar of Ru.
  2074 | D:3      | 2074 ||| UPGRADING to amulet of reflection.
  2079 | D:3      | 2079 ||| READING scroll labelled BODDAY KYOK.
  2178 | D:4      | Reached skill level 6 in Ranged Weapons
  2179 | D:4      | Found a stormy altar of Qazlal.
  2181 | D:4      | Noticed Ijyb
  2199 | D:4      | Killed Ijyb
  2373 | D:4      | Noticed a black bear
  2383 | D:4      | Killed a black bear
  2384 | D:4      | Reached XP level 6. HP: 32/39 MP: 6/6
  2641 | D:4      | Noticed a black bear
  2648 | D:4      | Killed a black bear
  2649 | D:4      | Reached skill level 7 in Ranged Weapons
  2649 | D:4      | Reached XP level 7. HP: 40/44 MP: 7/7
  2882 | D:4      | Found a hide-covered altar of Uskayaw.
  3048 | D:4      | 3048 ||| UPGRADING to +5 ring of evasion.
  3049 | D:4      | 3049 ||| READING scroll labelled NUUCIV EDUZXUO.
  3050 | D:4      | 3050 ||| READING scroll labelled VIBIACSUASCHE.
  3051 | D:4      | 3051 ||| DRINKING 2 brown potions.
  3052 | D:4      | 3052 ||| READING 2 scrolls of identify.
  3052 | D:4      | 3052 ||| IDENTIFYING sapphire potion
  3070 | D:5      | Entered Level 5 of the Dungeon
  3208 | D:5      | 3208 ||| FLEEEEING.
  3209 | D:5      | 3209 ||| FLEEEEING.
  3214 | D:5      | 3214 ||| FLEEEEING.
  3215 | D:5      | 3215 ||| FLEEEEING.
  3216 | D:5      | 3216 ||| FLEEEEING.
  3225 | D:5      | 3225 ||| FLEEEEING.
  3226 | D:5      | 3226 ||| FLEEEEING.
  3227 | D:5      | 3227 ||| FLEEEEING.
  3228 | D:5      | 3228 ||| FLEEEEING.
  3229 | D:5      | 3229 ||| FLEEEEING.
  3496 | D:5      | Found Neggitam's Weapon Shop.
  3538 | D:5      | Noticed Grinder
  3544 | D:5      | Paralysed by Grinder for 2 turns
  3550 | D:5      | Killed Grinder
  3551 | D:5      | Reached skill level 8 in Ranged Weapons
  3621 | D:5      | Identified the +0 ring mail of Cosiuk {Regen+ Str+3 Stlth-}
  3634 | D:5      | Reached XP level 8. HP: 50/50 MP: 8/8
  3649 | D:5      | 3649 ||| Stepping ~*~*~tactically~*~*~ (cloud).
  3652 | D:5      | Noticed Duvessa
  3653 | D:5      | Noticed Dowan
  3660 | D:5      | HP: 11/50 [Duvessa/+0 rapier (4)]
  3661 | D:5      | 3661 ||| READING scroll of teleportation.
  3662 | D:5      | 3662 ||| DRINKING potion of heal wounds.
  3663 | D:5      | Killed Duvessa
  3664 | D:5      | 3664 ||| FLEEEEING.
  3665 | D:5      | 3665 ||| FLEEEEING.
  3667 | D:5      | 3667 ||| FLEEEEING.
  3668 | D:5      | 3668 ||| FLEEEEING.
  3669 | D:5      | 3669 ||| FLEEEEING.
  3670 | D:5      | 3670 ||| FLEEEEING.
  3672 | D:5      | 3672 ||| FLEEEEING.
  3673 | D:5      | 3673 ||| FLEEEEING.
  3674 | D:5      | 3674 ||| FLEEEEING.
  3675 | D:5      | 3675 ||| FLEEEEING.
  3676 | D:5      | 3676 ||| FLEEEEING.
  3677 | D:5      | 3677 ||| FLEEEEING.
  3678 | D:5      | 3678 ||| FLEEEEING.
  3724 | D:5      | HP: 7/50 [Dowan/shard of ice (12)]
  3726 | D:5      | Killed Dowan
  3917 | D:5      | Reached skill level 9 in Ranged Weapons
  3993 | D:5      | Reached skill level 6 in Fighting
  4359 | D:5      | 4359 ||| UPGRADING to +0 cloak.
  4364 | D:5      | 4364 ||| UPGRADING to +0 ring mail of Cosiuk {Regen+ Str+3
                  | Stlth-}.
  4374 | D:5      | 4374 ||| DROPPING +0 ring mail.
  4375 | D:5      | 4375 ||| READING scroll of enchant armour.
  4375 | D:5      | 4375 ||| ENCHANTING +0 cloak.
  4376 | D:5      | 4376 ||| UPGRADING to ring of protection from fire.
  4449 | D:6      | Found a staircase to the Ecumenical Temple.
  4450 | D:6      | 4450 ||| PLANNING TEMPLE
  4450 | D:6      | 4450 ||| READING 2 scrolls of identify.
  4450 | D:6      | 4450 ||| IDENTIFYING coppery potion
  4459 | Temple   | Entered the Ecumenical Temple
  4460 | Temple   | 4460 ||| PLANNING D:1-11
  5027 | D:6      | Found Resis's Antique Armour Boutique.
  5035 | D:6      | 5035 ||| BUYING glowing ring mail (175 gold).
  5035 | D:6      | Bought a glowing ring mail for 175 gold pieces
  5035 | D:6      | 5035 ||| SHOPLISTING heavily jewelled robe (142 gold, have
                  | 103).
  5035 | D:6      | 5035 ||| SHOPLISTING runed cloak (187 gold, have 103).
  5035 | D:6      | 5035 ||| BUYING runed robe (92 gold).
  5035 | D:6      | Bought a runed robe for 92 gold pieces
  5064 | D:6      | 5064 ||| DROPPING +2 ring mail of poison resistance.
  5065 | D:6      | 5065 ||| DROPPING +0 robe of cold resistance.
  5066 | D:6      | 5066 ||| READING scroll labelled WECKEEMM DECHE.
  5067 | D:6      | 5067 ||| READING 2 scrolls of identify.
  5067 | D:6      | 5067 ||| IDENTIFYING black potion
  5199 | D:7      | Found a bloodstained altar of Trog.
  5214 | D:7      | 5214 ||| READING scroll of enchant weapon.
  5214 | D:7      | 5214 ||| ENCHANTING +1 orcbow of freezing.
  5294 | D:7      | 5294 ||| RETREEAATING.
  5298 | D:7      | 5298 ||| Stepping ~*~*~tactically~*~*~ (retreating).
  5305 | D:7      | Reached skill level 10 in Ranged Weapons
  5305 | D:7      | Reached XP level 9. HP: 55/55 MP: 9/9
  5317 | D:7      | Reached skill level 3 in Dodging
  5502 | D:7      | Found a blossoming altar of Fedhas.
  5690 | D:7      | 5690 ||| DRINKING 3 emerald potions.
  5691 | D:7      | 5691 ||| READING 2 scrolls of identify.
  5691 | D:7      | 5691 ||| IDENTIFYING metallic blue potion
  5692 | D:7      | 5692 ||| DROPPING potion of magic.
  6011 | D:8      | Found a staircase to the Lair.
  6051 | D:8      | Reached skill level 11 in Ranged Weapons
  6191 | D:8      | 6191 ||| Stepping ~*~*~tactically~*~*~ (retreating).
  6203 | D:8      | Reached skill level 3 in Armour
  6428 | D:8      | 6428 ||| UPGRADING to +0 pair of gloves.
  6433 | D:8      | 6433 ||| UPGRADING to +2 hat.
  6438 | D:8      | 6438 ||| DROPPING amulet of guardian spirit.
  6439 | D:8      | 6439 ||| READING scroll labelled JATUXE SUKOK.
  6440 | D:8      | 6440 ||| DRINKING 3 clear potions.
  6494 | D:9      | Found Fuar's General Store.
  6506 | D:8      | Found an iron altar of Okawaru.
  6507 | D:8      | 6507 ||| PLANNING OKAWARU WORSHIP
  6514 | D:8      | Became a worshipper of Warmaster Okawaru
  6515 | D:8      | 6515 ||| PLANNING D:1-11
  6515 | D:8      | 6515 ||| PLANNING LAIR
  6564 | Lair:1   | Entered Level 1 of the Lair of Beasts
  6564 | Lair:1   | Noticed a black mamba
  6566 | Lair:1   | 6566 ||| STAIRDANCE
  6569 | D:8      | 6569 ||| FLEEEEING.
  6581 | Lair:1   | 6581 ||| STAIRDANCE
  6591 | D:8      | Killed a black mamba
  6592 | D:8      | Reached XP level 10. HP: 64/64 MP: 10/10
  6594 | Lair:1   | 6594 ||| STAIRDANCE
  6604 | Lair:1   | 6604 ||| STAIRDANCE
  6616 | Lair:1   | Reached * piety under Okawaru
  6617 | Lair:1   | Reached skill level 12 in Ranged Weapons
  6836 | Lair:1   | 6836 ||| INVOKING Heroism.
  6849 | Lair:1   | 6849 ||| FLEEEEING.
  6850 | Lair:1   | 6850 ||| FLEEEEING.
  6853 | Lair:1   | 6853 ||| INVOKING Heroism.
  6862 | Lair:1   | Reached skill level 1 in Invocations
  6923 | Lair:1   | Noticed a cane toad
  6924 | Lair:1   | 6924 ||| INVOKING Heroism.
  6932 | Lair:1   | Killed a cane toad
  6946 | Lair:1   | Noticed a torpor snail
  6947 | Lair:1   | 6947 ||| FLEEEEING.
  6948 | Lair:1   | 6948 ||| FLEEEEING.
  6949 | Lair:1   | 6949 ||| FLEEEEING.
  6950 | Lair:1   | 6950 ||| FLEEEEING.
  6951 | Lair:1   | 6951 ||| FLEEEEING.
  6952 | Lair:1   | 6952 ||| FLEEEEING.
  6953 | Lair:1   | 6953 ||| FLEEEEING.
  6954 | Lair:1   | 6954 ||| FLEEEEING.
  6955 | Lair:1   | 6955 ||| FLEEEEING.
  6956 | Lair:1   | 6956 ||| FLEEEEING.
  6957 | Lair:1   | 6957 ||| FLEEEEING.
  6958 | Lair:1   | 6958 ||| FLEEEEING.
  6959 | Lair:1   | 6959 ||| FLEEEEING.
  6960 | Lair:1   | 6960 ||| FLEEEEING.
  6961 | Lair:1   | 6961 ||| FLEEEEING.
  6963 | Lair:1   | 6963 ||| FLEEEEING.
  6964 | Lair:1   | 6964 ||| FLEEEEING.
  6965 | Lair:1   | 6965 ||| FLEEEEING.
  6966 | Lair:1   | 6966 ||| FLEEEEING.
  6967 | Lair:1   | 6967 ||| FLEEEEING.
  6968 | Lair:1   | 6968 ||| FLEEEEING.
  6969 | Lair:1   | 6969 ||| FLEEEEING.
  6970 | Lair:1   | 6970 ||| FLEEEEING.
  6971 | Lair:1   | 6971 ||| FLEEEEING.
  6972 | Lair:1   | 6972 ||| FLEEEEING.
  6973 | Lair:1   | 6973 ||| FLEEEEING.
  6974 | Lair:1   | 6974 ||| FLEEEEING.
  6975 | Lair:1   | 6975 ||| FLEEEEING.
  6976 | Lair:1   | 6976 ||| FLEEEEING.
  6977 | Lair:1   | 6977 ||| FLEEEEING.
  6978 | Lair:1   | 6978 ||| FLEEEEING.
  6979 | Lair:1   | 6979 ||| FLEEEEING.
  6980 | Lair:1   | 6980 ||| FLEEEEING.
  6981 | Lair:1   | 6981 ||| FLEEEEING.
  6982 | Lair:1   | 6982 ||| STAIRDANCE
  6984 | D:8      | 6984 ||| READING scroll labelled JAKHLE YHURHAQU.
  6984 | D:8      | Identified a scroll of acquirement
  6984 | D:8      | 6984 ||| ACQUIRING 597 gold pieces
  6984 | D:8      | Acquired 597 gold pieces
  6988 | Lair:1   | 6988 ||| INVOKING Heroism.
  6998 | Lair:1   | Killed a torpor snail
  6999 | Lair:1   | Reached skill level 3 in Invocations
  6999 | Lair:1   | 6999 ||| STAIRDANCE
  7058 | Lair:1   | Noticed an elephant
  7058 | Lair:1   | Noticed an elephant
  7059 | Lair:1   | Noticed an elephant
  7059 | Lair:1   | 7059 ||| RETREEAATING.
  7063 | Lair:1   | Noticed an elephant
  7064 | Lair:1   | 7064 ||| STILL RETREEAATING.
  7073 | Lair:1   | 7073 ||| Stepping ~*~*~tactically~*~*~ (retreating).
  7074 | Lair:1   | 7074 ||| Stepping ~*~*~tactically~*~*~ (retreating).
  7075 | Lair:1   | 7075 ||| RETREEAATING.
  7076 | Lair:1   | 7076 ||| STILL RETREEAATING.
  7077 | Lair:1   | 7077 ||| STILL RETREEAATING.
  7078 | Lair:1   | 7078 ||| STILL RETREEAATING.
  7085 | Lair:1   | Killed an elephant
  7086 | Lair:1   | Reached skill level 13 in Ranged Weapons
  7090 | Lair:1   | 7090 ||| Stepping ~*~*~tactically~*~*~ (retreating).
  7094 | Lair:1   | 7094 ||| INVOKING Heroism.
  7098 | Lair:1   | Killed an elephant
  7108 | Lair:1   | Killed an elephant
  7154 | Lair:1   | Killed an elephant
  7154 | Lair:1   | Reached ** piety under Okawaru
  7155 | Lair:1   | Reached skill level 9 in Fighting
  7213 | Lair:1   | 7213 ||| RETREEAATING.
  7215 | Lair:1   | Reached XP level 11. HP: 71/71 MP: 14/14
  7381 | Lair:1   | 7381 ||| RETREEAATING.
  7382 | Lair:1   | 7382 ||| Stepping ~*~*~tactically~*~*~ (retreating).
  7383 | Lair:1   | 7383 ||| Stepping ~*~*~tactically~*~*~ (retreating).
  7501 | Lair:2   | 7501 ||| INVOKING Heroism.
  7502 | Lair:2   | 7502 ||| STAIRDANCE
  7545 | Lair:2   | 7545 ||| INVOKING Heroism.
  7630 | Lair:2   | 7630 ||| INVOKING Heroism.
  7632 | Lair:2   | 7632 ||| RETREEAATING.
  7635 | Lair:2   | 7635 ||| STILL RETREEAATING.
  7636 | Lair:2   | 7636 ||| Stepping ~*~*~tactically~*~*~ (retreating).
  7637 | Lair:2   | 7637 ||| Stepping ~*~*~tactically~*~*~ (retreating).
  7638 | Lair:2   | 7638 ||| Stepping ~*~*~tactically~*~*~ (retreating).
  7639 | Lair:2   | 7639 ||| STILL RETREEAATING.
  7646 | Lair:2   | 7646 ||| INVOKING Heroism.
  7651 | Lair:2   | Reached skill level 14 in Ranged Weapons
  7669 | Lair:2   | 7669 ||| READING scroll of enchant armour.
  7669 | Lair:2   | 7669 ||| ENCHANTING +0 pair of gloves.
  7824 | Lair:2   | 7824 ||| INVOKING Heroism.
  7867 | Lair:2   | 7867 ||| INVOKING Heroism.
  7889 | Lair:2   | Noticed an eight-headed hydra
  7895 | Lair:2   | 7895 ||| INVOKING Heroism.
  7896 | Lair:2   | Killed an eight-headed hydra
  7896 | Lair:2   | Reached *** piety under Okawaru
  7928 | Lair:2   | 7928 ||| RETREEAATING.
  7954 | Lair:2   | 7954 ||| RETREEAATING.
  7955 | Lair:2   | 7955 ||| STILL RETREEAATING.
  7955 | Lair:2   | Found a staircase to the Snake Pit.
  7956 | Lair:2   | 7956 ||| STILL RETREEAATING.
  7957 | Lair:2   | 7957 ||| Stepping ~*~*~tactically~*~*~ (retreating).
  8044 | Lair:2   | 8044 ||| INVOKING Heroism.
  8057 | Lair:2   | 8057 ||| INVOKING Heroism.
  8184 | Lair:2   | 8184 ||| INVOKING Heroism.
  8334 | Lair:2   | 8334 ||| DROPPING ring of resist corrosion.
  8335 | Lair:2   | 8335 ||| DROPPING ring of fire.
  8336 | Lair:2   | 8336 ||| DROPPING ring of willpower.
  8337 | Lair:2   | 8337 ||| UPGRADING to +6 ring of dexterity.
  8339 | Lair:2   | 8339 ||| UPGRADING to +5 ring of evasion.
  8341 | Lair:2   | 8341 ||| READING scroll labelled NEDEFO NUSESS.
  8359 | Lair:3   | Noticed a skyshark
  8359 | Lair:3   | Noticed a four-headed hydra
  8359 | Lair:3   | Noticed a five-headed hydra
  8360 | Lair:3   | 8360 ||| INVOKING Heroism.
  8361 | Lair:3   | 8361 ||| STAIRDANCE
  8375 | Lair:3   | Noticed a six-headed hydra
  8376 | Lair:3   | 8376 ||| STAIRDANCE
  8388 | Lair:2   | 8388 ||| INVOKING Heroism.
  8391 | Lair:2   | Killed a skyshark
  8415 | Lair:3   | 8415 ||| STAIRDANCE
  8417 | Lair:2   | 8417 ||| INVOKING Heroism.
  8419 | Lair:2   | HP: 15/72 [five-headed hydra (10)]
  8420 | Lair:2   | 8420 ||| READING 2 scrolls of teleportation.
  8424 | Lair:2   | HP: 7/72 [five-headed hydra (5)]
  8424 | Lair:2   | HP: 2/72 [four-headed hydra (5)]
  8426 | Lair:2   | 8426 ||| RETREEAATING.
  8427 | Lair:2   | 8427 ||| FLEEEEING.
  8432 | Lair:2   | Reached XP level 12. HP: 8/77 MP: 13/15
  8433 | Lair:2   | 8433 ||| FLEEEEING.
  8438 | Lair:2   | 8438 ||| FLEEEEING.
  8439 | Lair:2   | 8439 ||| FLEEEEING.
  8453 | Lair:2   | 8453 ||| FLEEEEING.
  8454 | Lair:2   | 8454 ||| FLEEEEING.
  8455 | Lair:2   | 8455 ||| STAIRDANCE
  8495 | Lair:2   | 8495 ||| INVOKING Heroism.
  8505 | Lair:2   | Killed a five-headed hydra
  8506 | Lair:2   | Reached skill level 15 in Ranged Weapons
  8506 | Lair:2   | 8506 ||| STAIRDANCE
  8536 | Lair:2   | 8536 ||| INVOKING Heroism.
  8549 | Lair:2   | Killed a four-headed hydra
  8569 | Lair:3   | 8569 ||| STAIRDANCE
  8571 | Lair:2   | 8571 ||| INVOKING Heroism.
  8575 | Lair:2   | Killed a six-headed hydra
  8593 | Lair:3   | 8593 ||| STAIRDANCE
  8644 | Lair:3   | 8644 ||| RETREEAATING.
  8645 | Lair:3   | 8645 ||| STILL RETREEAATING.
  8646 | Lair:3   | 8646 ||| Stepping ~*~*~tactically~*~*~ (retreating).
  8652 | Lair:3   | Reached skill level 6 in Dodging
  8652 | Lair:3   | 8652 ||| Stepping ~*~*~tactically~*~*~ (retreating).
  8658 | Lair:3   | Noticed a skyshark
  8664 | Lair:3   | 8664 ||| INVOKING Heroism.
  8672 | Lair:3   | Killed a skyshark
  8672 | Lair:3   | Reached **** piety under Okawaru
  8675 | Lair:3   | HP: 18/77 [cane toad (12)]
  8676 | Lair:3   | 8676 ||| READING scroll of teleportation.
  8679 | Lair:3   | Noticed a catoblepas
  8700 | Lair:3   | 8700 ||| FLEEEEING.
  8706 | Lair:3   | 8706 ||| STAIRDANCE
  8772 | Lair:3   | Found a transporter.
  8777 | Lair:3   | Noticed qw's ghost (journeyman GrHu)
  8792 | Lair:3   | Found a transporter.
  8864 | Lair:3   | 8864 ||| Stepping ~*~*~tactically~*~*~ (retreating).
  8865 | Lair:3   | 8865 ||| Stepping ~*~*~tactically~*~*~ (retreating).
  8871 | Lair:3   | Noticed a death yak
  8872 | Lair:3   | 8872 ||| INVOKING Heroism.
  8873 | Lair:3   | 8873 ||| Stepping ~*~*~tactically~*~*~ (retreating).
  8874 | Lair:3   | 8874 ||| Stepping ~*~*~tactically~*~*~ (retreating).
  8875 | Lair:3   | 8875 ||| Stepping ~*~*~tactically~*~*~ (retreating).
  8876 | Lair:3   | 8876 ||| Stepping ~*~*~tactically~*~*~ (retreating).
  8880 | Lair:3   | 8880 ||| RETREEAATING.
  8881 | Lair:3   | 8881 ||| STILL RETREEAATING.
  8882 | Lair:3   | 8882 ||| STILL RETREEAATING.
  8883 | Lair:3   | 8883 ||| STILL RETREEAATING.
  8884 | Lair:3   | 8884 ||| STILL RETREEAATING.
  8885 | Lair:3   | 8885 ||| STILL RETREEAATING.
  8892 | Lair:3   | Killed a death yak
  8943 | Lair:3   | Found a staircase to the Shoals.
  8944 | Lair:3   | 8944 ||| Stepping ~*~*~tactically~*~*~ (water).
  9074 | Lair:3   | 9074 ||| READING scroll of enchant weapon.
  9074 | Lair:3   | 9074 ||| ENCHANTING +2 orcbow of freezing.
  9128 | Lair:3   | 9128 ||| INVOKING Heroism.
  9328 | Lair:3   | Found a runed translucent door.
  9355 | Lair:3   | Noticed a vampire mage
  9357 | Lair:3   | 9357 ||| DROPPING amulet of regeneration.
  9358 | Lair:3   | 9358 ||| READING scroll labelled ZEBLYASABO.
  9372 | Lair:3   | 9372 ||| READING 2 scrolls of identify.
  9372 | Lair:3   | 9372 ||| IDENTIFYING purple potion
  9373 | Lair:3   | 9373 ||| DROPPING potion of brilliance.
  9421 | Lair:4   | Noticed Kirke
  9422 | Lair:4   | 9422 ||| RETREEAATING.
  9423 | Lair:4   | 9423 ||| STILL RETREEAATING.
  9424 | Lair:4   | 9424 ||| INVOKING Heroism.
  9431 | Lair:4   | Reached skill level 6 in Invocations
  9441 | Lair:4   | Reached skill level 16 in Ranged Weapons
  9442 | Lair:4   | 9442 ||| DRINKING potion of cancellation.
  9465 | Lair:4   | Killed Kirke
  9699 | Lair:4   | 9699 ||| INVOKING Heroism.
  9704 | Lair:4   | Noticed Nessos
  9711 | Lair:4   | Paralysed by Nessos for 5 turns
  9723 | Lair:4   | Killed Nessos
  9724 | Lair:4   | Reached XP level 13. HP: 36/84 MP: 18/18
  9774 | Lair:4   | 9774 ||| SWAPPING to +2 longbow of flaming.
  9775 | Lair:4   | 9775 ||| DROPPING +3 orcbow of freezing.
  9796 | Lair:4   | Found a staircase to the Slime Pits.
  9972 | Lair:4   | 9972 ||| INVOKING Heroism.
 10006 | Lair:4   | 10006 ||| RETREEAATING.
 10007 | Lair:4   | 10007 ||| STILL RETREEAATING.
 10008 | Lair:4   | 10008 ||| STILL RETREEAATING.
 10009 | Lair:4   | 10009 ||| STILL RETREEAATING.
 10010 | Lair:4   | 10010 ||| STILL RETREEAATING.
 10012 | Lair:4   | 10012 ||| Stepping ~*~*~tactically~*~*~ (retreating).
 10013 | Lair:4   | 10013 ||| Stepping ~*~*~tactically~*~*~ (retreating).
 10014 | Lair:4   | 10014 ||| Stepping ~*~*~tactically~*~*~ (retreating).
 10015 | Lair:4   | 10015 ||| Stepping ~*~*~tactically~*~*~ (retreating).
 10016 | Lair:4   | 10016 ||| Stepping ~*~*~tactically~*~*~ (retreating).
 10017 | Lair:4   | 10017 ||| Stepping ~*~*~tactically~*~*~ (retreating).
 10018 | Lair:4   | 10018 ||| Stepping ~*~*~tactically~*~*~ (retreating).
 10019 | Lair:4   | 10019 ||| Stepping ~*~*~tactically~*~*~ (retreating).
 10020 | Lair:4   | 10020 ||| Stepping ~*~*~tactically~*~*~ (retreating).
 10021 | Lair:4   | 10021 ||| Stepping ~*~*~tactically~*~*~ (retreating).
 10022 | Lair:4   | 10022 ||| INVOKING Heroism.
 10195 | Lair:4   | 10195 ||| RETREEAATING.
 10197 | Lair:4   | 10197 ||| STILL RETREEAATING.
 10198 | Lair:4   | 10198 ||| STILL RETREEAATING.
 10199 | Lair:4   | 10199 ||| STILL RETREEAATING.
 10200 | Lair:4   | 10200 ||| STILL RETREEAATING.
 10201 | Lair:4   | 10201 ||| STILL RETREEAATING.
 10202 | Lair:4   | 10202 ||| STILL RETREEAATING.
 10203 | Lair:4   | 10203 ||| STILL RETREEAATING.
 10204 | Lair:4   | 10204 ||| STILL RETREEAATING.
 10205 | Lair:4   | 10205 ||| STILL RETREEAATING.
 10206 | Lair:4   | 10206 ||| STILL RETREEAATING.
 10208 | Lair:4   | 10208 ||| RETREEAATING.
 10211 | Lair:4   | 10211 ||| Stepping ~*~*~tactically~*~*~ (retreating).
 10335 | Lair:4   | 10335 ||| INVOKING Heroism.
 10357 | Lair:4   | 10357 ||| INVOKING Heroism.
 10557 | Lair:4   | 10557 ||| UPGRADING to +0 pair of boots.
 10562 | Lair:4   | 10562 ||| DRINKING 2 smoky pink potions.
 10563 | Lair:4   | 10563 ||| DROPPING potion of degeneration.
 10606 | Lair:5   | Entered Level 5 of the Lair of Beasts
 10607 | Lair:5   | 10607 ||| RETREEAATING.
 10609 | Lair:5   | 10609 ||| RETREEAATING.
 10610 | Lair:5   | 10610 ||| STILL RETREEAATING.
 10611 | Lair:5   | 10611 ||| INVOKING Heroism.
 10612 | Lair:5   | 10612 ||| STILL RETREEAATING.
 10613 | Lair:5   | 10613 ||| STILL RETREEAATING.
 10614 | Lair:5   | 10614 ||| STILL RETREEAATING.
 10615 | Lair:5   | 10615 ||| STILL RETREEAATING.
 10618 | Lair:5   | 10618 ||| Stepping ~*~*~tactically~*~*~ (retreating).
 10634 | Lair:5   | Reached skill level 9 in Invocations
 10647 | Lair:5   | Reached skill level 6 in Armour
 10695 | Lair:5   | Reached ***** piety under Okawaru
 10711 | Lair:5   | Noticed Josephine
 10712 | Lair:5   | 10712 ||| RETREEAATING.
 10713 | Lair:5   | 10713 ||| STILL RETREEAATING.
 10714 | Lair:5   | 10714 ||| STILL RETREEAATING.
 10715 | Lair:5   | 10715 ||| STILL RETREEAATING.
 10716 | Lair:5   | 10716 ||| STILL RETREEAATING.
 10717 | Lair:5   | 10717 ||| Stepping ~*~*~tactically~*~*~ (retreating).
 10721 | Lair:5   | 10721 ||| Stepping ~*~*~tactically~*~*~ (retreating).
 10723 | Lair:5   | 10723 ||| Stepping ~*~*~tactically~*~*~ (retreating).
 10724 | Lair:5   | 10724 ||| Stepping ~*~*~tactically~*~*~ (retreating).
 10740 | Lair:5   | Killed Josephine
 10757 | Lair:5   | 10757 ||| INVOKING Heroism.
 10760 | Lair:5   | 10760 ||| RETREEAATING.
 10763 | Lair:5   | 10763 ||| RETREEAATING.
 10764 | Lair:5   | 10764 ||| STILL RETREEAATING.
 10766 | Lair:5   | 10766 ||| STILL RETREEAATING.
 10767 | Lair:5   | 10767 ||| STILL RETREEAATING.
 10768 | Lair:5   | 10768 ||| STILL RETREEAATING.
 10769 | Lair:5   | 10769 ||| STILL RETREEAATING.
 10771 | Lair:5   | 10771 ||| Stepping ~*~*~tactically~*~*~ (retreating).
 10866 | Lair:5   | Received a gift from Okawaru
 10867 | Lair:5   | Reached skill level 17 in Ranged Weapons
 10892 | Lair:5   | 10892 ||| RETREEAATING.
 10893 | Lair:5   | 10893 ||| STILL RETREEAATING.
 10894 | Lair:5   | 10894 ||| STILL RETREEAATING.
 10895 | Lair:5   | 10895 ||| STILL RETREEAATING.
 10896 | Lair:5   | 10896 ||| STILL RETREEAATING.
 10897 | Lair:5   | 10897 ||| STILL RETREEAATING.
 10898 | Lair:5   | 10898 ||| STILL RETREEAATING.
 10957 | Lair:5   | 10957 ||| INVOKING Heroism.
 11125 | Lair:5   | Found a runed translucent gate.
 11125 | Lair:5   | Found a runed translucent gate.
 11125 | Lair:5   | Found a runed translucent gate.
 11127 | Lair:5   | Noticed qw's ghost (journeyman GrFi)
 11129 | Lair:5   | 11129 ||| INVOKING Heroism.
 11160 | Lair:5   | 11160 ||| RETREEAATING.
 11169 | Lair:5   | 11169 ||| INVOKING Heroism.
 11298 | Lair:5   | 11298 ||| INVOKING Heroism.
 11394 | Lair:5   | 11394 ||| RETREEAATING.
 11395 | Lair:5   | 11395 ||| INVOKING Heroism.
 11396 | Lair:5   | 11396 ||| INVOKING Finesse.
 11402 | Lair:5   | Gained mutation: Your large and strong wings let you fly.
                  | [Gargoyle growth]
 11402 | Lair:5   | Reached XP level 14. HP: 90/90 MP: 13/21
 11468 | Lair:5   | 11468 ||| INVOKING Heroism.
 11586 | Lair:5   | Reached skill level 18 in Ranged Weapons
 11737 | Lair:5   | 11737 ||| PLANNING D:1-11
 12044 | D:9      | 12044 ||| FLEEEEING.
 12045 | D:9      | 12045 ||| FLEEEEING.
 12046 | D:9      | 12046 ||| FLEEEEING.
 12048 | D:9      | 12048 ||| FLEEEEING.
 12049 | D:9      | 12049 ||| FLEEEEING.
 12050 | D:9      | 12050 ||| FLEEEEING.
 12051 | D:9      | 12051 ||| FLEEEEING.
 12052 | D:9      | 12052 ||| FLEEEEING.
 12053 | D:9      | 12053 ||| FLEEEEING.
 12055 | D:9      | 12055 ||| FLEEEEING.
 12056 | D:9      | 12056 ||| FLEEEEING.
 12057 | D:9      | 12057 ||| FLEEEEING.
 12060 | D:9      | 12060 ||| FLEEEEING.
 12061 | D:9      | 12061 ||| FLEEEEING.
 12062 | D:9      | 12062 ||| FLEEEEING.
 12063 | D:9      | 12063 ||| FLEEEEING.
 12064 | D:9      | 12064 ||| FLEEEEING.
 12365 | D:9      | 12365 ||| BUYING potion of haste (140 gold).
 12365 | D:9      | Bought a potion of haste for 140 gold pieces
 12365 | D:9      | 12365 ||| BUYING scroll of identify (28 gold).
 12365 | D:9      | Bought a scroll of identify for 28 gold pieces
 12594 | D:9      | 12594 ||| READING 2 scrolls of identify.
 12594 | D:9      | 12594 ||| IDENTIFYING fizzy golden potion
 12595 | D:9      | 12595 ||| DROPPING potion of attraction.
 12611 | D:10     | Entered Level 10 of the Dungeon
 12613 | D:10     | 12613 ||| STAIRDANCE
 12618 | D:10     | 12618 ||| STAIRDANCE
 12626 | D:10     | 12626 ||| STAIRDANCE
 12631 | D:10     | 12631 ||| STAIRDANCE
 12652 | D:10     | 12652 ||| STAIRDANCE
 12762 | D:10     | Reached skill level 12 in Fighting
 12789 | D:10     | 12789 ||| READING scroll of enchant weapon.
 12789 | D:10     | 12789 ||| ENCHANTING +2 longbow of flaming.
 13061 | D:10     | Received a gift from Okawaru
 13266 | D:10     | Found an ornate altar of the Wu Jian Council.
 13300 | D:11     | Noticed Nergalle
 13300 | D:11     | Found a shimmering blue altar of Sif Muna.
 13300 | D:11     | Found a glowing silver altar of Zin.
 13300 | D:11     | Found an iron altar of Okawaru.
 13300 | D:11     | Found a blossoming altar of Fedhas.
 13301 | D:11     | 13301 ||| RETREEAATING.
 13302 | D:11     | 13302 ||| STILL RETREEAATING.
 13303 | D:11     | 13303 ||| STILL RETREEAATING.
 13304 | D:11     | 13304 ||| Stepping ~*~*~tactically~*~*~ (retreating).
 13305 | D:11     | 13305 ||| Stepping ~*~*~tactically~*~*~ (retreating).
 13306 | D:11     | 13306 ||| Stepping ~*~*~tactically~*~*~ (retreating).
 13310 | D:11     | 13310 ||| INVOKING Heroism.
 13318 | D:11     | 13318 ||| Stepping ~*~*~tactically~*~*~ (retreating).
 13326 | D:11     | 13326 ||| STILL RETREEAATING.
 13331 | D:11     | 13331 ||| Stepping ~*~*~tactically~*~*~ (retreating).
 13332 | D:11     | 13332 ||| Stepping ~*~*~tactically~*~*~ (retreating).
 13437 | D:11     | 13437 ||| INVOKING Heroism.
 13453 | D:11     | 13453 ||| INVOKING Finesse.
 13463 | D:11     | 13463 ||| Stepping ~*~*~tactically~*~*~ (retreating).
 13536 | D:11     | 13536 ||| READING scroll of enchant weapon.
 13536 | D:11     | 13536 ||| ENCHANTING +3 longbow of flaming.
 13558 | D:11     | 13558 ||| INVOKING Finesse.
 13570 | D:11     | Reached skill level 19 in Ranged Weapons
 13572 | D:11     | 13572 ||| INVOKING Heroism.
 13623 | D:11     | 13623 ||| DRINKING 9 potions of curing.
 13623 | D:11     | 13623 ||| (to cure confusion)
 13672 | D:11     | Identified the amulet "Ageocs" {rF- rC+ Regen+ rCorr}
 13856 | D:11     | 13856 ||| INVOKING Heroism.
 13857 | D:11     | 13857 ||| INVOKING Finesse.
 13911 | D:11     | Found a staircase to the Orcish Mines.
 13938 | D:11     | Found a frozen archway.
 13994 | D:11     | Killed Nergalle
 14087 | D:11     | 14087 ||| Stepping randomly (disturbance).
 14088 | D:11     | 14088 ||| Stepping randomly (disturbance).
 14203 | D:11     | 14203 ||| PLANNING D
 14203 | D:11     | 14203 ||| UPGRADING to amulet "Ageocs" {rF- rC+ Regen+
                  | rCorr}.
 14213 | D:11     | 14213 ||| DROPPING ring of see invisible.
 14214 | D:11     | 14214 ||| DRINKING 2 glowing ruby potions.
 14250 | D:11     | 14250 ||| DROPPING potion of lignification.
 14279 | D:12     | Reached XP level 15. HP: 90/98 MP: 22/22
 14378 | D:12     | 14378 ||| RETREEAATING.
 14393 | D:12     | 14393 ||| Stepping ~*~*~tactically~*~*~ (retreating).
 14447 | D:12     | Identified the +5 scimitar "Naddah" {flame, rC+ Int+4 SInv}
 14736 | D:12     | Noticed Lodul
 14737 | D:12     | 14737 ||| RETREEAATING.
 14738 | D:12     | 14738 ||| STILL RETREEAATING.
 14739 | D:12     | 14739 ||| STILL RETREEAATING.
 14740 | D:12     | 14740 ||| STILL RETREEAATING.
 14741 | D:12     | 14741 ||| STILL RETREEAATING.
 14742 | D:12     | 14742 ||| STILL RETREEAATING.
 14743 | D:12     | 14743 ||| STILL RETREEAATING.
 14744 | D:12     | 14744 ||| STILL RETREEAATING.
 14745 | D:12     | 14745 ||| STILL RETREEAATING.
 14746 | D:12     | 14746 ||| STILL RETREEAATING.
 14747 | D:12     | 14747 ||| STILL RETREEAATING.
 14757 | D:12     | Killed Lodul
 14956 | D:12     | 14956 ||| READING scroll labelled UFOTIUKEXA.
 14957 | D:12     | 14957 ||| READING 2 scrolls of identify.
 14957 | D:12     | 14957 ||| IDENTIFYING fizzy coppery potion
 15048 | D:13     | Received a gift from Okawaru
 15818 | D:14     | 15818 ||| INVOKING Heroism.
 15819 | D:14     | 15819 ||| Stepping ~*~*~tactically~*~*~ (retreating).
 15866 | D:14     | 15866 ||| RETREEAATING.
 15869 | D:14     | 15869 ||| Stepping ~*~*~tactically~*~*~ (retreating).
 16054 | D:14     | 16054 ||| INVOKING Heroism.
 16059 | D:14     | 16059 ||| Stepping ~*~*~tactically~*~*~ (retreating).
 16060 | D:14     | 16060 ||| Stepping ~*~*~tactically~*~*~ (retreating).
 16065 | D:14     | 16065 ||| Stepping ~*~*~tactically~*~*~ (retreating).
 16066 | D:14     | 16066 ||| Stepping ~*~*~tactically~*~*~ (retreating).
 16114 | D:14     | 16114 ||| RETREEAATING.
 16177 | D:14     | Found a gate to the Vaults.
 16186 | D:14     | Received a gift from Okawaru
 16262 | D:14     | Reached skill level 20 in Ranged Weapons
 16317 | D:14     | 16317 ||| INVOKING Heroism.
 16517 | D:14     | Found Wiyxtuod's Mayhem Merchandise.
 16683 | D:15     | Entered Level 15 of the Dungeon
 16684 | D:15     | 16684 ||| PLANNING GAUNTLET
 16695 | D:15     | 16695 ||| INVOKING Heroism.
 16703 | D:15     | 16703 ||| Stepping ~*~*~tactically~*~*~ (retreating).
 16710 | D:15     | 16710 ||| RETREEAATING.
 16711 | D:15     | 16711 ||| STILL RETREEAATING.
 16712 | D:15     | 16712 ||| STILL RETREEAATING.
 16712 | D:15     | Noticed Agnes
 16713 | D:15     | 16713 ||| STILL RETREEAATING.
 16713 | D:15     | Noticed Rupert
 16713 | D:15     | HP: 20/98 [meliai/divine providence (8)]
 16714 | D:15     | 16714 ||| READING 4 scrolls of teleportation.
 16715 | D:15     | 16715 ||| DRINKING 3 potions of heal wounds.
 16715 | D:15     | Paralysed by Rupert for 4 turns
 16718 | D:15     | HP: 13/98 [centaur warrior/arrow (13)]
 16719 | D:15     | 16719 ||| READING 3 scrolls of teleportation.
 16720 | D:15     | 16720 ||| DRINKING 2 potions of heal wounds.
 16721 | D:15     | 16721 ||| DRINKING potion of heal wounds.
 16722 | D:15     | 16722 ||| Stepping ~*~*~tactically~*~*~ (retreating).
 16723 | D:15     | 16723 ||| INVOKING Finesse.
 16734 | D:15     | Killed Rupert
 16735 | D:15     | 16735 ||| FLEEEEING.
 16736 | D:15     | 16736 ||| STAIRDANCE
 16762 | D:15     | 16762 ||| STAIRDANCE
 16764 | D:14     | 16764 ||| INVOKING Heroism.
 16768 | D:14     | Received a gift from Okawaru
 16785 | D:15     | 16785 ||| STAIRDANCE
 16796 | D:14     | Reached skill level 9 in Dodging
 16800 | D:15     | 16800 ||| STAIRDANCE
 16802 | D:14     | 16802 ||| Stepping ~*~*~tactically~*~*~ (retreating).
 16803 | D:14     | 16803 ||| Stepping ~*~*~tactically~*~*~ (retreating).
 16804 | D:14     | 16804 ||| Stepping ~*~*~tactically~*~*~ (retreating).
 16805 | D:14     | 16805 ||| Stepping ~*~*~tactically~*~*~ (retreating).
 16880 | D:15     | 16880 ||| INVOKING Heroism.
 16881 | D:15     | 16881 ||| INVOKING Finesse.
 16882 | D:15     | 16882 ||| RETREEAATING.
 16889 | D:15     | Killed Agnes
 16935 | D:15     | Found a gate leading to a gauntlet.
 16936 | D:15     | 16936 ||| READING 3 scrolls of identify.
 16936 | D:15     | 16936 ||| IDENTIFYING metallic pink potion
 16943 | D:15     | 16943 ||| DROPPING potion of invisibility.
 16952 | Gauntlet | Entered a Gauntlet
 16952 | Gauntlet | Found a transporter.
 16952 | Gauntlet | Found a transporter.
 16952 | Gauntlet | Found a runed translucent door.
 16952 | Gauntlet | Found a runed translucent door.
 16965 | Gauntlet | Found a transporter.
 16965 | Gauntlet | Found the +3 pair of mountain boots {steadfast, rC+}
 16984 | Gauntlet | Found a transporter.
 16984 | Gauntlet | Found a transporter.
 16987 | Gauntlet | Found a transporter.
 16987 | Gauntlet | Found a transporter.
 16988 | Gauntlet | Found a transporter.
 16999 | Gauntlet | Found a transporter.
 17017 | Gauntlet | Found a transporter.
 17027 | Gauntlet | Found a transporter.
 17042 | Gauntlet | Found a transporter.
 17062 | Gauntlet | Found a transporter.
 17075 | Gauntlet | Found a transporter.
 17129 | Gauntlet | 17129 ||| READING scroll of enchant weapon.
 17129 | Gauntlet | 17129 ||| ENCHANTING +4 longbow of flaming.
 17132 | Gauntlet | 17132 ||| UPGRADING to +3 pair of mountain boots
                  | {steadfast, rC+}.
 17142 | Gauntlet | 17142 ||| DROPPING +0 pair of boots.
 17143 | Gauntlet | 17143 ||| UPGRADING to amulet of reflection.
 17166 | Gauntlet | 17166 ||| ZAPPING wand of digging (4).
 17167 | Gauntlet | 17167 ||| ZAPPING wand of digging (3).
 17168 | Gauntlet | 17168 ||| PLANNING GAUNTLET
 17168 | Gauntlet | 17168 ||| Stepping ~*~*~tactically~*~*~ (retreating).
 17169 | Gauntlet | 17169 ||| RETREEAATING.
 17170 | Gauntlet | 17170 ||| Stepping ~*~*~tactically~*~*~ (retreating).
 17172 | Gauntlet | 17172 ||| Stepping ~*~*~tactically~*~*~ (retreating).
 17181 | Gauntlet | 17181 ||| INVOKING Finesse.
 17185 | Gauntlet | 17185 ||| Stepping randomly (stuck).
 17324 | Gauntlet | Identified the -2 pair of gloves of Makhleb's Regard {+Inv
                  | rF- rN++}
 17326 | Gauntlet | 17326 ||| DROPPING -2 pair of gloves of Makhleb's Regard
                  | {+Inv rF- rN++}.
 17336 | Gauntlet | Reached XP level 16. HP: 85/106 MP: 23/23
 17377 | Gauntlet | 17377 ||| UPGRADING to +0 cloak of willpower.
 17400 | Gauntlet | 17400 ||| INVOKING Heroism.
 17416 | Gauntlet | Identified the staff "Glorpo" {rElec rPois rF+ rN+ Dex+3
                  | Fire}
 17418 | Gauntlet | 17418 ||| READING scroll of brand weapon.
 17418 | Gauntlet | 17418 ||| BRANDING +5 longbow of flaming.
 17435 | Gauntlet | 17435 ||| DROPPING +1 pair of boots of stealth.
 17442 | D:15     | 17442 ||| PLANNING D
 17443 | D:15     | 17443 ||| INVOKING Heroism.
 17448 | D:15     | 17448 ||| Stepping ~*~*~tactically~*~*~ (retreating).
 17449 | D:15     | 17449 ||| Stepping ~*~*~tactically~*~*~ (retreating).
 17450 | D:15     | 17450 ||| Stepping ~*~*~tactically~*~*~ (retreating).
 17451 | D:15     | 17451 ||| Stepping ~*~*~tactically~*~*~ (retreating).
 17452 | D:15     | 17452 ||| Stepping ~*~*~tactically~*~*~ (retreating).
 17453 | D:15     | 17453 ||| Stepping ~*~*~tactically~*~*~ (retreating).
 17453 | D:15     | HP: 18/106 [meliai/divine providence (12)]
 17453 | D:15     | HP: 6/106 [meliai/divine providence (12)]
 17454 | D:15     | 17454 ||| READING 2 scrolls of teleportation.
 17455 | D:15     | 17455 ||| Stepping ~*~*~tactically~*~*~ (retreating).
 17455 | D:15     | Killed from afar by a meliai

Levels and vault maps discovered:
D:1:      amcnicky_arrival_flooded_fountain, layout_loops_corners,
          skrybe_limestone_x, minmay_curled_crystal, minmay_distorted
D:2:      layout_basic
D:3:      layout_rooms, mainiacjoe_overflow_brackets,
          nicolae_ru_the_path_less_chosen, ebering_ghost_sewer_d, uniq_jessica
D:4:      layout_basic, mainiacjoe_overflow_24_doors,
          mainiacjoe_overflow_tiny_flanked, uniq_ijyb
D:5:      layout_basic, serial_shops, shop, grunt_ministairs_13, uniq_duvessa,
          uniq_grinder
D:6:      layout_cave_pools, minmay_temple_entry_glass, serial_shops,
          nicolae_shop_overgrown_old_shop, nicolae_hexahallways
D:7:      layout_loops_cross, old_standard_altar, fedhas_bush_and_centaur_altar
D:8:      layout_basic, nicolae_overflow_hidden_temple, lair_entry_dummy,
          dk_noncrumbling_3, hex_large
D:9:      minmay_flawed_box, layout_basic, serial_shops, nicolae_stop_n_shop_2
D:10:     layout_irregular_city, nicolae_wu_jian_immortal_techniques
D:11:     minmay_the_grid_octo_tiled_octocenter [minmay_the_grid_octo_shrine,
          minmay_the_grid_octo_odd_swirl, minmay_the_grid_octo_teeth,
          minmay_the_grid_octo_thin_diamonds,
          minmay_the_grid_octo_prize_ultimate_mussel_roller,
          minmay_the_grid_square_5x5_intrusive_squares,
          minmay_the_grid_square_5x5_checkered_statues,
          minmay_the_grid_square_5x5_bite, minmay_the_grid_square_5x5_meh],
          layout_rooms, portal_ice_cave_demonic_guard, uniq_nergalle
D:12:     layout_small_grid, statue_in_the_mist_lemuel, uniq_lodul
D:13:     layout_stronghold
D:14:     layout_loops_ring, david_vaults_1, amcnicky_mini_corridor_feature,
          minmay_misc_feat_plants, minmay_shop_mayhem, minmay_unpleasant_kobolds
D:15:     hangedman_depths_entry_civil_slaughter, layout_rooms,
          ploomutoo_gammafunk_ghost_potion_laboratory, gauntlet_entry_generic,
          minmay_gold_behind_fungi, uniq_rupert, uniq_agnes
Temple:   minmay_temple_curvy_branch
Lair:1:   layout_long_grid, beast_lair_carwin_11
Lair:2:   hellmonk_destroyed_diamonds, layout_hall_layers,
          minmay_snake_entry_guardpost_small, hangedman_lair_unloving_vines
Lair:3:   layout_misc_corridors, elwin_shoals_entry_rooms,
          gammafunk_ghost_berserking_beasts, pdpol_lair_cabin_in_the_woods,
          grunt_megastairs_3
Lair:4:   layout_hall_layers, nicolae_slime_entry_field_trip, lemuel_fruit_tree,
          uniq_nessos, uniq_kirke
Lair:5:   grunt_lair_end_beastmaster, layout_concentric_octagons,
          gammafunk_ghost_hydra_chop, minmay_lindwurm_lava, uniq_josephine

Skill      XL: |  1  2  3  4  5  6  7  8  9 10 11 12 13 14 15 |
---------------+----------------------------------------------+-----
Armour         | 1 2 3 4 5 6 7 8 |  8.4
Ranged Weapons | 5 6 7 8 10 11 13 14 16 17 19 20 | 20.0
Fighting       | 3 4 5 6 8 9 10 11 13 14 | 14.0
Dodging        | 2 3 5 6 7 9 |  9.0
Invocations    | 4 7 10 | 10.0
Stealth        | |  1.1

Action                     |  1- 3 |  4- 6 |  7- 9 | 10-12 | 13-15 | 16-18 || total
---------------------------+-------+-------+-------+-------+-------+-------++-------
   Fire: Shortbow          |   149 |    31 |       |       |       |       ||   180
         Orcbow            |       |    80 |   342 |   493 |       |       ||   915
         Longbow           |       |       |       |       |  1117 |    16 ||  1133
 Invoke: Heroism           |       |       |       |    26 |    22 |     2 ||    50
         Finesse           |       |       |       |       |     7 |       ||     7
  Evoke: Wand              |       |       |       |       |     2 |       ||     2
    Use: Scroll            |     4 |     3 |    11 |     8 |     9 |     2 ||    37
         Potion            |       |       |     4 |     1 |     6 |       ||    11
 Armour: Leather armour    |    21 |       |       |       |       |       ||    21
         Ring mail         |    35 |    69 |    93 |   255 |   275 |     8 ||   735
  Dodge: Dodged            |    55 |    45 |   132 |   387 |   511 |    23 ||  1153
  Block: Other             |       |    17 |    40 |   103 |    72 |       ||   232
         Reflection        |       |       |     3 |     3 |     5 |       ||    11

Table legend:
 A = Non-vault XP
 B = Vault XP
 C = Vault XP percentage of total XP
 D = Non-vault monster count
 E = Vault monster count
 F = Vault count percentage of total count
                 A         B        C        D         E       F
            +---------+---------+-------+---------+---------+-------
      Total |   82024 |   48445 |  37.1 |     406 |     133 |  24.7
            +---------+---------+-------+---------+---------+-------
        D:1 |      21 |       4 |  16.0 |      14 |       2 |  12.5
        D:2 |      68 |       0 |   0.0 |      23 |       0 |   0.0
        D:3 |      71 |      37 |  34.3 |      11 |       1 |   8.3
        D:4 |     444 |      35 |   7.3 |      10 |       1 |   9.1
        D:5 |     641 |     639 |  49.9 |      18 |       5 |  21.7
        D:6 |     193 |       0 |   0.0 |      12 |       0 |   0.0
        D:7 |     824 |     118 |  12.5 |      20 |       1 |   4.8
        D:8 |    1844 |       0 |   0.0 |      24 |       0 |   0.0
        D:9 |    2553 |     315 |  11.0 |      28 |       9 |  24.3
       D:10 |    3040 |       0 |   0.0 |      28 |       0 |   0.0
       D:11 |    3270 |   15419 |  82.5 |      18 |      32 |  64.0
       D:12 |    4243 |    1474 |  25.8 |      20 |       7 |  25.9
       D:13 |    8293 |       0 |   0.0 |      16 |       0 |   0.0
       D:14 |   14769 |    2721 |  15.6 |      25 |      11 |  30.6
       D:15 |    4811 |    3292 |  40.6 |      11 |       2 |  15.4
     Lair:1 |    5730 |     580 |   9.2 |      19 |       3 |  13.6
     Lair:2 |    7696 |    2144 |  21.8 |      26 |       5 |  16.1
     Lair:3 |    4912 |    1350 |  21.6 |      23 |       3 |  11.5
     Lair:4 |    6638 |    3490 |  34.5 |      27 |      12 |  30.8
     Lair:5 |   11963 |   11883 |  49.8 |      33 |      24 |  42.1
   Gauntlet |       0 |    4944 | 100.0 |       0 |      15 | 100.0
            +---------+---------+-------+---------+---------+-------
